 Dungeon Crawl Stone Soup version 0.30-a0-1112-gfb780f5df6 (webtiles) character file.

Game seed: 4912873027571764288

52 sampeng1 the Chopper (level 4, -1/35 HPs)
             Began as a Human Cinder Acolyte on Apr 20, 2023.
             Was a High Priest of Ignis.
             Slain by Ijyb
             ... wielding a +0 dagger
              (4 damage)
             ... on level 3 of the Dungeon.
             The game lasted 00:08:14 (908 turns).

sampeng1 the Chopper (Human Cinder Acolyte)          Turns: 908, Time: 00:08:15

Health: -1/35      AC:  5    Str: 16    XL:     4   Next: 8%
Magic:  5/5        EV: 10    Int: 15    God:    Ignis [*****.]
Gold:   62         SH:  0    Dex:  8    Spells: 5/5 levels left

rFire   + . .      SeeInvis .    a - -1 hand axe (flame)
rCold   . . .      Faith    .    (no shield)
rNeg    . . .      Spirit   .    l - +0 ring mail
rPois   .          Reflect  .    (no helmet)
rElec   .          Rampage  .    (no cloak)
rCorr   .                        (no gloves)
Will    .....                    (no boots) Stlth
                                 (no amulet)
HPRegen 0.25/turn                (no ring)
MPRegen 0.09/turn                (no ring)

@: no status effects
A: no striking features
a: Renounce Religion, Fiery Armour, Foxfire Swarm, Rising Flame


You were on level 3 of the Dungeon.
You worshipped Ignis.
Ignis was extremely pleased with you.
You visited 1 branch of the dungeon, and saw 3 of its levels.

You collected 62 gold pieces.

Inventory:

Hand Weapons
 a - a -1 hand axe of flaming (weapon)
 d - a +0 war axe
 e - a +2 glaive of protection
Missiles
 c - 6 javelins (quivered)
Armour
 b - a +0 robe
 l - a +0 ring mail (worn)
Scrolls
 g - a scroll of teleportation {unknown}
 h - a scroll of identify {unknown}
 i - a scroll of fog {unknown}
 k - a scroll of vulnerability
Potions
 f - a potion of heal wounds
 j - a potion of invisibility {unknown}
 m - a potion of ambrosia {unknown}


   Skills:
 + Level 3.4 Fighting
 + Level 4.0 Axes
 + Level 0.2(2.4) Polearms
 + Level 1.0 Spellcasting
 + Level 3.3 Fire Magic


You had 5 spell levels left.
You didn't know any spells.
Your spell library contained the following spells:

 Spells                   Type           Power      Damage    Failure   Level
 Scorch                   Fire           20%        2d5       19%         2
 Blade Hands              Tmut           0%         N/A       100%        5
 Irradiate                Conj/Tmut      0%         3d11      100%        5
 Dragon Form              Tmut           0%         N/A       100%        7


Dungeon Overview and Level Annotations

Branches:
Dungeon (3/15)

Altars:

Annotations:
D:3 Ijyb


Message History

The bat barely misses you. Ijyb hits you with a +0 dagger.
The gnoll hits you with a +0 club.
The gnoll hits you from afar with a +0 halberd!
* * * LOW HITPOINT WARNING * * *
Unknown command.
The bat barely misses you. The gnoll closely misses you.
Ijyb closely misses you. The bat closely misses you.
Ijyb attacks as you move away! Ijyb hits you with a +0 dagger.
* * * LOW HITPOINT WARNING * * *
The bat closely misses you. Ijyb attacks as you move away!
Ijyb barely misses you. The bat hits you but does no damage. x2
The bat attacks as you move away! The bat hits you but does no damage.
Ijyb attacks as you move away! Ijyb closely misses you.
The bat barely misses you. The bat attacks as you move away!
The bat closely misses you. x2
The bat hits you but does no damage.
You closely miss Ijyb.
Ijyb is heavily wounded.
You hit the bat but do no damage. The bat hits you but does no damage.
The bat closely misses you. The bat hits you but does no damage.
Ijyb closely misses you. The gnoll attacks as you move away!
The gnoll closely misses you. Ijyb attacks as you move away!
Ijyb hits you with a +0 dagger.
* * * LOW HITPOINT WARNING * * *
The bat closely misses you.
Found a sling.
You closely miss the gnoll.
The gnoll is moderately wounded.
You hit Ijyb. You burn Ijyb. The gnoll hits you with a +0 club.
* * * LOW HITPOINT WARNING * * *
Ijyb drinks a potion.
Ijyb is healed!
You barely miss the gnoll.
The gnoll is moderately wounded.
You hit Ijyb. Ijyb barely misses you. The gnoll completely misses you.
You hit the gnoll. You burn the gnoll.
The gnoll is severely wounded.
You barely miss Ijyb. Ijyb hits you with a +0 dagger.
You die...

.# ####.## #..<..#
#.##..# #.##..# #.#...#
#.#.#.########
#.#.#.#..)...# # #.....#
# #@#####.#
######...##.####ggg.....
.....)........##gb#.####
##.##....##.#...g...#
#.......##........##
#.##.##.#######...# #
#.##.# #w..# #.#.#.#
#...# ####..## #...#


You could see Ijyb, 4 gnolls, a dart slug and a bat.

Vanquished Creatures
  2 gnolls (D:1)
  An orc (D:3)
  5 ball pythons
  A bat (D:1)
  4 endoplasms (D:1)
  2 goblins
  3 hobgoblins
  4 jackals (D:2)
  2 kobolds
  3 frilled lizards
  A rat (D:2)
28 creatures vanquished.

Notes
Turn   | Place    | Note
-------+----------+-------------------------------------------
     0 | D:1      | sampeng1 the Human Cinder Acolyte began the quest for the
                  | Orb.
     0 | D:1      | Reached XP level 1. HP: 18/18 MP: 2/2
    40 | D:1      | Reached XP level 2. HP: 14/24 MP: 3/3
   173 | D:1      | Reached XP level 3. HP: 16/29 MP: 4/4
   673 | D:2      | Reached XP level 4. HP: 35/35 MP: 5/5
   855 | D:3      | Reached skill level 4 in Axes
   884 | D:3      | Noticed Ijyb
   908 | D:3      | Slain by Ijyb

Illustrated notes

Levels and vault maps discovered:
D:1:      psy_arrival_spokes, layout_loops_ring
D:2:      layout_basic
D:3:      layout_loops_cross, trog_butcher_becter, uniq_crazy_yiuf_cottage,
          uniq_ijyb, uniq_sigmund

Skill      XL: |  1  2  3  4 |
---------------+-------------+-----
Axes           | 4 |  4.0
Fighting       | |  3.4
Polearms       | |  0.2
Spellcasting   | |  1.0
Fire Magic     | |  3.3

Action                     |  1- 3 |  4- 6 || total
---------------------------+-------+-------++-------
  Melee: Hand axe          |    32 |    18 ||    50
         Glaive            |    21 |       ||    21
    Use: Scroll            |     2 |       ||     2
 Armour: Robe              |    21 |       ||    21
         Ring mail         |       |    21 ||    21
  Dodge: Dodged            |    45 |    34 ||    79

Table legend: (Time is in decaauts)
 A = Elapsed time spent in this place.
 B = Non-inter-level travel time spent in this place.
 C = Inter-level travel time spent in this place.
 D = Time resting spent in this place.
 E = Time spent auto-exploring this place.
 F = Levels seen in this place.
 G = Mean time per level.
                   A        B        C        D        E       F      G
               +--------+--------+--------+--------+--------+-----+--------+
         Total |    925 |    925 |      0 |      0 |    397 |   3 |  308.3 |
       Dungeon |    925 |    925 |      0 |      0 |    397 |   3 |  308.3 |
               +--------+--------+--------+--------+--------+-----+--------+

Top non-repeatable levels by time:
     D:2: 454 daAuts
     D:1: 400 daAuts
     D:3: 69 daAuts
